Construct Weapon Support Center
Selects Special Operations Battlegroup
Selects Special Operations Battlegroup
Construct Weapon Support Center
Mechanized Support Center
M3 Armored Personnel Carrier
Selects M29 Weasel with M1 Pack Howitzer
M29 Weasel with M1 Pack Howitzer
M29 Weasel with M1 Pack Howitzer
M29 Weasel with M1 Pack Howitzer
Selects SSF Commando Squad
Designate Forward Repair Station
M29 Weasel with M1 Pack Howitzer
M4A1(76) Sherman Medium Tank
Selects P-47 Anti-Infantry Loiter
P-47 Anti-Infantry Loiter
M4A1(76) Sherman Medium Tank
Designate Forward Repair Station
Selects UNKNOWN (2162291)